 Dungeon Crawl Stone Soup version 0.31-a0-187-gba352fbbf7 (webtiles) character file.

Game seed: 11686300376763848766

117 qw the Skirmisher (level 4, -1/25 HPs)
             Began as a Deep Elf Hunter on June 22, 2023.
             Killed from afar by an orc wizard (10 damage)
             ... with a magic dart
             ... on level 3 of the Dungeon.
             The game lasted 00:00:48 (1904 turns).

qw the Skirmisher (Deep Elf Hunter)                 Turns: 1904, Time: 00:00:48

Health: -1/25      AC:  4    Str: 10    XL:     4   Next: 71%
Magic:  6/6        EV: 13    Int: 14    God:
Gold:   155        SH:  0    Dex: 20    Spells: 3/3 levels left

rFire   + . .        Y - +1 shortbow
rCold   + + .        (shield currently unavailable)
rNeg    . . .        c - +0 leather armour
rPois   .            a - +0 helmet
rElec   .            (no cloak)
rCorr   .            (no gloves)
SInv    .            (no boots)
Will    .....        k - amulet of faith
Stlth   +++          b - ring of protection from fire
HPRegen 0.24/turn    l - ring of protection from cold
MPRegen 0.10/turn

%: faith
@: no status effects
A: thin skeletal structure 1, cold resistance 1, noise suppression
a: no special abilities


You were on level 3 of the Dungeon.
You visited 1 branch of the dungeon, and saw 3 of its levels.

You collected 155 gold pieces.


Innate Abilities, Weirdness & Mutations

You have a somewhat thin skeletal structure. (Dex +2, Stealth+)
Your flesh is cold resistant. (rC+)
You passively dampen the noise of your surroundings.


   Skills:
 - Level 1.5 Fighting
 - Level 8.0 Ranged Weapons
 + Level 2.8 Dodging
 - Level 1.2 Stealth


You had 3 spell levels left.
You didn't know any spells.
Your spell library was empty.

Inventory:

Hand Weapons
 Y - a +1 shortbow (weapon)
Armour
 a - a +0 helmet (worn)
 c - a +0 leather armour (worn)
 e - a +0 ring mail
Jewellery
 b - a ring of protection from fire (left hand)
 k - an amulet of faith (around neck)
 l - a ring of protection from cold (right hand)
Scrolls
 f - 2 scrolls of teleportation
 h - a scroll of fear {unknown}
 i - a scroll of immolation {unknown}
 j - a scroll of fog {unknown}
Potions
 d - 2 potions of mutation
 g - a potion of heal wounds {unknown}

Dungeon Overview and Level Annotations

Branches:
Dungeon (3/15)

Altars:
Kikubaaqudgha
Ru


Message History

You shoot an arrow. The orc wizard shouts!
The arrow hits the orc!
You kill the orc!
The orc throws a boomerang.
The boomerang hits you but does no damage.
You shoot an arrow. The arrow closely misses the orc.
The arrow closely misses the orc wizard.
You shoot an arrow.
The arrow hits the orc but does no damage.
You shoot an arrow. The arrow hits the orc wizard.
The orc wizard is lightly wounded.
You shoot an arrow.
The arrow hits the orc wizard but does no damage.
The orc wizard is lightly wounded.
You shoot an arrow. The arrow hits the orc wizard.
The orc wizard is heavily wounded.
The orc hits you with a +0 falchion!
You shoot an arrow. The arrow barely misses the orc.
You shoot an arrow. The arrow hits the orc wizard.
The orc wizard is heavily wounded.
The orc hits you with a +0 mace. The orc wizard barely misses you.
The orc throws a boomerang.
The boomerang barely misses you.
You shoot an arrow.
The arrow hits the orc wizard but does no damage.
The orc wizard is heavily wounded.
The orc barely misses you.
The orc wizard casts a spell.
The orc wizard flickers and vanishes!
Deactivating autopickup; reactivate with Ctrl-A.
The orc throws a boomerang.
The boomerang hits you.
You shoot an arrow. The arrow hits the orc!
You kill the orc!
The orc hits you with a +0 mace.
The orc throws a boomerang.
The boomerang hits you. Something hits you but does no damage.
You shoot an arrow. The arrow barely misses the orc.
You hear some strange, mumbled words.
A magic dart appears from out of thin air!
The magic dart hits you!
You die...

# #..##.#.###.........#
#..##...# #########.#
#..###.## #.### #..# #.#
#..%. #.####..###.######
####. #................#
#######. ..#
#####.###.#.####...
........ ..# #####.##
##..# #######| ..#
#.....# #o@# #.
..###.#.#.#####.){).....
#.
..#.............o.....##
#.
..#...................#
##
..#....#############..#
# ..##...#.... ..# #
.......#.... .# #
###....#..### . ###
#....#..#8# #.###..


You could see 2 orcs.

Vanquished Creatures
  Robin (D:1)
  2 adders
  A worm (D:2)
  A dart slug (D:2)
  3 orcs (D:3)
  3 ball pythons
  4 endoplasms
  6 giant cockroaches
  15 goblins
  6 hobgoblins
  10 jackals
  3 kobolds
  8 bats
  A frilled lizard (D:3)
  6 rats
70 creatures vanquished.

Notes
Turn   | Place    | Note
-------+----------+-------------------------------------------
     0 | D:1      | qw the Deep Elf Hunter began the quest for the Orb.
     0 | D:1      | Reached XP level 1. HP: 12/12 MP: 3/3
     0 | D:1      | 0 ||| qw: Version: 0.3-a-9-g12657ce
     0 | D:1      | 0 ||| qw: Game counter: 2064
     0 | D:1      | 0 ||| qw: Always use a shield: true
     0 | D:1      | 0 ||| qw: God list: Okawaru
     0 | D:1      | 0 ||| qw: Allow faded altars: false
     0 | D:1      | 0 ||| qw: Do Orc after D:15 true
     0 | D:1      | 0 ||| qw: Do second Lair branch before Depths: true
     0 | D:1      | 0 ||| qw: Lair rune preference: random
     0 | D:1      | 0 ||| qw: Plans: Normal
     0 | D:1      | 0 ||| PLANNING D:1-11
   551 | D:1      | Reached skill level 6 in Ranged Weapons
   551 | D:1      | Reached XP level 2. HP: 16/16 MP: 4/4
   826 | D:1      | 826 ||| READING scroll labelled EMUHEI ISIZUO.
   830 | D:1      | 830 ||| READING scroll labelled PYKA FERAH.
   831 | D:1      | 831 ||| DRINKING 2 smoky inky potions.
   831 | D:1      | Gained mutation: You passively dampen the noise of your
                  | surroundings. [potion of mutation]
   831 | D:1      | Gained mutation: You have hidden genetic potential. [potion
                  | of mutation]
   832 | D:1      | 832 ||| DROPPING scroll of butterflies.
   864 | D:2      | Noticed Robin
   871 | D:2      | 871 ||| STAIRDANCE
   919 | D:2      | 919 ||| STAIRDANCE
   937 | D:2      | 937 ||| STAIRDANCE
   937 | D:2      | HP: 4/16 [goblin/+0 club[Robin] (4)]
   996 | D:2      | 996 ||| STAIRDANCE
   998 | D:1      | HP: 3/16 [Robin/+0 mace (6)]
  1000 | D:1      | Killed Robin
  1001 | D:1      | Reached XP level 3. HP: 4/20 MP: 5/5
  1019 | D:1      | Gained mutation: You have a somewhat thin skeletal
                  | structure. (Dex +2, Stealth+) [hidden potential]
  1073 | D:1      | 1073 ||| UPGRADING to +0 helmet.
  1078 | D:1      | 1078 ||| UPGRADING to ring of protection from fire.
  1082 | D:2      | 1082 ||| STAIRDANCE
  1186 | D:2      | Reached skill level 7 in Ranged Weapons
  1266 | D:2      | Reached XP level 4. HP: 25/25 MP: 6/6
  1407 | D:2      | Gained mutation: Your flesh is cold resistant. (rC+)
                  | [hidden potential]
  1407 | D:2      | Lost mutation: You have hidden genetic potential. [hidden
                  | potential expressed]
  1413 | D:2      | 1413 ||| UPGRADING to amulet of faith.
  1418 | D:2      | 1418 ||| UPGRADING to ring of protection from cold.
  1419 | D:2      | 1419 ||| READING scroll labelled BUEZES IPEANTA.
  1420 | D:2      | 1420 ||| READING 2 scrolls labelled KOQIAS VUEGIL.
  1421 | D:2      | 1421 ||| READING scroll labelled BEDOR YSMUHULU.
  1422 | D:2      | 1422 ||| DRINKING 2 metallic clear potions.
  1427 | D:2      | 1427 ||| DROPPING scroll of amnesia.
  1428 | D:2      | 1428 ||| DROPPING potion of ambrosia.
  1782 | D:3      | Reached skill level 8 in Ranged Weapons
  1789 | D:3      | 1789 ||| FLEEEEING.
  1860 | D:3      | Found an ancient bone altar of Kikubaaqudgha.
  1863 | D:3      | Found a sacrificial altar of Ru.
  1892 | D:3      | 1892 ||| Stepping ~*~*~tactically~*~*~ (outnumbered).
  1904 | D:3      | Killed from afar by an orc wizard

Levels and vault maps discovered:
D:1:      roderic_chinese_lattice_arrival, layout_loops_corners
D:2:      layout_basic, uniq_robin
D:3:      layout_loops_ring, chequers_temple_overflow_statue_of_worship,
          gammafunk_ghost_mausoleum

Skill      XL: |  1  2  3  4 |
---------------+-------------+-----
Ranged Weapons | 6 7 8 |  8.0
Fighting       | |  1.5
Dodging        | |  2.8
Stealth        | |  1.2

Action                     |  1- 3 |  4- 6 || total
---------------------------+-------+-------++-------
   Fire: Shortbow          |    91 |    70 ||   161
    Use: Scroll            |     2 |     3 ||     5
         Potion            |     1 |     1 ||     2
 Armour: Leather armour    |    10 |     5 ||    15
  Dodge: Dodged            |    34 |    14 ||    48

Table legend:
 A = Non-vault XP
 B = Vault XP
 C = Vault XP percentage of total XP
 D = Non-vault monster count
 E = Vault monster count
 F = Vault count percentage of total count
                 A         B        C        D         E       F
            +---------+---------+-------+---------+---------+-------
      Total |     130 |      38 |  22.6 |      57 |      13 |  18.6
            +---------+---------+-------+---------+---------+-------
        D:1 |      13 |      28 |  68.3 |       8 |       8 |  50.0
        D:2 |      62 |      10 |  13.9 |      26 |       5 |  16.1
        D:3 |      55 |       0 |   0.0 |      23 |       0 |   0.0
            +---------+---------+-------+---------+---------+-------
